 Dungeon Crawl Stone Soup version 0.31-a0-1611-g890cdf5628 (webtiles) character file.

Game seed: 11309979257501593222

8880 Newt the Spear-Bearer (level 11, -9/66 (75) HPs)
             Began as a Merfolk Gladiator on Jan 8, 2024.
             Was a Believer of Hepliaklqana.
             Killed from afar by Nergalle (39 damage)
             ... with a bolt of negative energy
             ... on level 10 of the Dungeon.
             The game lasted 00:10:17 (7764 turns).

Newt the Spear-Bearer (Merfolk Gladiator)           Turns: 7764, Time: 00:10:17

HP:   -9/66 (75)    AC: 24    Str: 18    XL:     11   Next: 37%
MP:   24/26         EV: 23    Int:  9    God:    Hepliaklqana [**....]
Gold: 945           SH:  0    Dex: 15    Spells: 10/10 levels left

rFire   + . .        z - +6 halberd of Tortfeasance {protect, Will+ MP+9}
rCold   . . .        (shield currently unavailable)
rNeg    . . .        s - +5 robe of Misfortune {Harm *Corrode *Slow EV+5}
rPois   +            c - +0 helmet
rElec   .            F - +1 cloak {Will+}
rCorr   +            (no gloves)
SInv    .            r - -2 pair of boots of Impatience {Fly rPois rF+ rCorr}
Will    ++...        g - amulet "Hyna Bauwke" {RegenMP -Tele Slay+5}
Stlth   +++          y - +4 ring of protection
HPRegen 0.31/turn    J - +4 ring of protection
MPRegen 0.60/turn

%: no teleportation, corrode self (3%), slow self (1%), harm (+30% outgoing,
+20% incoming)
@: under a protective aura, flying, heavily drained
A: reduced essence, (nimble swimmer 2), mertail
a: Renounce Religion, Recall Ancestor, Ancestor Identity


You were on level 10 of the Dungeon.
You worshipped Hepliaklqana.
Hepliaklqana was pleased with you.
You visited 2 branches of the dungeon, and saw 11 of its levels.

You collected 945 gold pieces.

Inventory:

Hand Weapons
 a - a +2 trident
 z - the +6 halberd of Tortfeasance (weapon) {protect, Will+ MP+9}
   (You acquired it on level 6 of the Dungeon)

   Will+:     It increases your willpower.
   MP+9:      It affects your magic capacity (+9).
Missiles
 d - 4 throwing nets (quivered)
 e - a javelin
Armour
 b - a +0 leather armour
 c - a +0 helmet (worn)
 r - the -2 pair of boots of Impatience (worn) {Fly rPois rF+ rCorr}
   (You found it on level 4 of the Dungeon)

   rF+:       It protects you from fire.
   rPois:     It protects you from poison Fly: It grants you flight.
   rCorr:     It protects you from acid and corrosion.
 s - the +5 robe of Misfortune (worn) {Harm *Corrode *Slow EV+5}
   (You found it on level 7 of the Dungeon)

   EV+5:      It affects your evasion (+5).
   *Corrode:  It may corrode you when you take damage.
   *Slow:     It may slow you when you take damage.
   Harm:      It increases damage dealt and taken.
 C - the +2 robe of Pinoabbi {Int-5 Dex+4 SInv}
   (You found it on level 6 of the Dungeon)

   Int-5:     It affects your intelligence (-5).
   Dex+4:     It affects your dexterity (+4).
   SInv:      It lets you see invisible.
 D - +0 storm dragon scales
 F - a +1 cloak of willpower (worn)
Jewellery
 g - the amulet "Hyna Bauwke" (around neck) {RegenMP -Tele Slay+5}
   (You acquired it on level 2 of the Dungeon)

   [amulet of magic regeneration]

   RegenMP:   It increases your rate of magic regeneration.
   Slay+5:    It affects your accuracy & damage with ranged weapons and melee
   (+5).
   -Tele:     It prevents most forms of teleportation.
 q - a ring of resist corrosion
 w - a ring of wizardry
 x - a ring of positive energy
 y - a +4 ring of protection (left hand)
 H - a ring of ice
 J - a +4 ring of protection (right hand)
Wands
 p - a wand of roots (10)
 E - a wand of charming (8)
Scrolls
 h - a scroll of poison {unknown}
 i - 2 scrolls of revelation {unknown}
 j - a scroll of silence {unknown}
 n - a scroll of noise {unknown}
 u - a scroll of fog
 v - 6 scrolls of teleportation
 A - a scroll of blinking {unknown}
 B - a scroll of vulnerability {unknown}
 I - a scroll of immolation {unknown}
 K - a scroll of enchant weapon
 L - a scroll of enchant armour {unknown}
 N - 2 scrolls of amnesia
Potions
 f - a potion of heal wounds
 k - 3 potions of curing
 l - 2 potions of mutation {unknown}
 m - 2 potions of degeneration
 o - 2 potions of attraction
 t - 2 potions of resistance {unknown}
 G - a potion of cancellation {unknown}
 M - a potion of enlightenment {unknown}
 O - a potion of brilliance {unknown}


   Skills:
 - Level 7.0 Fighting
 + Level 12.8 Polearms
 - Level 2.0 Throwing
 - Level 12.0 Dodging
 - Level 5.0 Stealth
 - Level 9.0 Invocations
 - Level 4.0 Evocations


You had 10 spell levels left.
You didn't know any spells.
Your spell library contained the following spells:

 Spells                   Type           Power      Damage    Failure   Level
 Necrotise                Necr           0%         1d4       38%         1
 Mercury Vapours          Alch/Air       0%         N/A       52%         2
 Mephitic Cloud           Conj/Alch/Air  0%         N/A       77%         3
 Vampiric Draining        Necr           0%         2d6       77%         3
 Martyr's Knell           Necr/Summ      0%         N/A       99%         4
 Curse of Agony           Necr           0%         N/A       100%        5
 Freezing Cloud           Conj/Ice/Air   0%         6-21      100%        5


Dungeon Overview and Level Annotations

Branches:
Dungeon (10/15)            Temple (1/1) D:4            Lair (0/5) D:9
    Orc: D:9-12

Altars:
Ashenzari
Cheibriados
Dithmenos
Elyvilon
Fedhas
Gozag
Hepliaklqana
Kikubaaqudgha
Makhleb
Nemelex Xobeh
Okawaru
Qazlal
Ru
Sif Muna
Trog
Uskayaw
Vehumet
Wu Jian
Xom
Yredelemnul
Zin
The Shining One

Shops:
D:4 (

Annotations:
D:10 Nergalle


Innate Abilities, Weirdness & Mutations

Your life essence is reduced to manifest your ancestor. (-10% HP)
((You are very nimble when in or above water. (Stealth+, EV+, Speed+++)))
Your lower body shifts to a powerful aquatic tail in water.


Message History

The spectral orc warrior completely resists.
Edmée hits the spectral orc warrior with a +0 flail!
Reach: z) +6 halberd of Tortfeasance {protect, Will+ MP+9}
Press: ? - help, Dir - move target, f/p - Nergalle
Aim: Nergalle, wielding a +0 dagger and wearing a +0 robe (lightly wounded, ally target, about 30% to evade the +6 halberd of Tortfeasance)
The spectral orc warlord is in the way.
You hit the spectral orc warlord.
The spectral orc warlord is lightly damaged.
The spectral orc warrior misses you.
The spectral orc warlord hits you with a +2 great sword of electrocution!
You feel drained.
You hit the spectral orc warrior.
You destroy the spectral orc warrior!
The spectral orc warrior disappears in a puff of smoke!
The spectral orc warlord hits you but does no damage.
You are electrocuted!!
* * * LOW HITPOINT WARNING * * *
Unknown command.
Okay, then.
You feel much better. The spectral orc warlord misses you.
You swap places.
The spectral orc warlord hits Edmée with a +2 great sword of electrocution!!
Edmée hits the spectral orc warlord with a +0 flail!
Unknown command.
Reach: z) +6 halberd of Tortfeasance {protect, Will+ MP+9}
Press: ? - help, Dir - move target, f - spectral orc warlord, p - Nergalle
Aim: a spectral orc warlord, wielding a +2 great sword of electrocution and wearing a +2 chain mail of cold resistance (lightly damaged, summoned, about 10% to evade the +6 halberd of Tortfeasance)
You reach to attack!
You hit the spectral orc warlord.
The spectral orc warlord is lightly damaged.
Edmée blocks the spectral orc warlord's attack.
Select a target.
Press: ? - help, Dir - move target, f - Nergalle, p - spectral orc warlord
Aim: Nergalle, wielding a +0 dagger and wearing a +0 robe (lightly wounded)
The floor.
Nergalle swaps with Edmée!
You can no longer swap creatures with your ancestor.
Edmée hits the spectral orc warlord with a +0 flail.
Nergalle points at you and mumbles some strange words.
The bolt of negative energy hits you!!
You feel drained.
Ouch! That really hurt!
You die...

#########
#########.......#
#.......#.#####.# #
#.#####.......... #
#.# ###.#####.. #
#.# #.#####..# # #.#
#.@oZR...# ### #.#
########.#
(.#####.####
...........# #######
##########.###.....#
#.....#.....#
##.....#.....#
#......#.....#
#......#...).#


You could see the friendly Edmée the knight, Nergalle and a spectral orc warlord
(summoned, ally target).

Vanquished Creatures
  Erica (D:8)
  Maggie (D:7)
  Jeremiah (D:8)
  An unseen horror (D:10)
  A troll (D:9)
  2 shadows
  5 yaks (D:9)
  A wraith (D:9)
  3 steam dragons (D:8)
  Menkaure (D:4)
  2 acid dragons (D:9)
  3 water moccasins
  4 orc warriors
  A black bear (D:7)
  An ice beast (D:5)
  A sky beast (D:7)
  2 phantoms
  A kobold brigand (D:8)
  2 bullfrogs
  2 scorpions
  A gnoll sergeant (D:8)
  18 wights
  14 killer bees
  4 howler monkeys
  A bombardier beetle (D:5)
  3 jellies
  5 orc priests
  2 hounds
  A sleepcap (D:5)
  A gnoll bouda (D:5)
  4 orc wizards
  Ijyb (D:3)
  2 iguanas
  5 adders
  12 gnolls
  A dart slug (D:3)
  A ribbon worm (D:5)
  26 orcs
  14 bats
  9 endoplasms
  5 giant cockroaches
  6 goblins
  4 hobgoblins
  12 jackals
  8 kobolds
  6 quokkas
  5 ball pythons
  3 frilled lizards
  7 rats
217 creatures vanquished.

Vanquished Creatures (collateral kills)
  A two-headed ogre (D:8)
  Maurice (D:7)
  A yak (D:9)
  A bullfrog (D:6)
  A wight (D:6)
  A killer bee (D:9)
  A sleepcap (D:5)
  A gnoll bouda (D:7)
  An orc wizard (D:6)
  A gnoll (D:7)
  A white imp (D:7)
  3 orcs
14 creatures vanquished.

Vanquished Creatures (others)
  A knight (D:10)
  A gnoll (D:8)
  2 kobolds (D:8)
4 creatures vanquished.

Grand Total: 235 creatures vanquished

Notes
Turn   | Place    | Note
-------+----------+-------------------------------------------
     0 | D:1      | Newt the Merfolk Gladiator began the quest for the Orb.
     0 | D:1      | Reached XP level 1. HP: 16/16 MP: 1/1
   120 | D:1      | Reached XP level 2. HP: 15/24 MP: 2/2
   340 | D:1      | Found a faded altar of an unknown god.
   482 | D:1      | Reached XP level 3. HP: 30/30 MP: 3/3
   728 | D:2      | Identified a scroll of acquirement
   728 | D:2      | Acquired the amulet "Hyna Bauwke" {RegenMP -Tele Slay+5}
  1062 | D:2      | Reached XP level 4. HP: 37/37 MP: 4/4
  1123 | D:2      | Reached skill level 5 in Polearms
  1675 | D:3      | Noticed Ijyb
  1685 | D:3      | Killed Ijyb
  1686 | D:3      | Reached XP level 5. HP: 25/42 MP: 5/5
  1871 | D:3      | Found a snail-covered altar of Cheibriados.
  1994 | D:3      | Found a shadowy altar of Dithmenos.
  2033 | D:4      | Noticed Menkaure
  2042 | D:4      | Killed Menkaure
  2043 | D:4      | Reached XP level 6. HP: 27/48 MP: 6/6
  2209 | D:4      | Found a broken altar of Ashenzari.
  2311 | D:4      | Identified the -2 pair of boots of Impatience {Fly rPois
                  | rF+ rCorr}
  2392 | D:4      | Found a staircase to the Ecumenical Temple.
  2398 | Temple   | Entered the Ecumenical Temple
  2406 | Temple   | Became a worshipper of Hepliaklqana the Forgotten
  2472 | D:4      | Found Lejalej's Antique Weapon Shop.
  2602 | D:4      | Found a bloodstained altar of Trog.
  2653 | D:4      | Reached XP level 7. HP: 54/54 MP: 7/7
  3087 | D:5      | Entered Level 5 of the Dungeon
  3100 | D:5      | Reached skill level 5 in Dodging
  3116 | D:5      | Reached * piety under Hepliaklqana
  3605 | D:5      | Found a radiant altar of Vehumet.
  3687 | D:5      | Found a shimmering blue altar of Sif Muna.
  3688 | D:5      | Found a glowing silver altar of Zin.
  3690 | D:5      | Reached skill level 5 in Fighting
  3699 | D:5      | Reached XP level 8. HP: 42/55 MP: 8/8
  4294 | D:6      | Acquired the +6 halberd of Tortfeasance {protect, Will+
                  | MP+9}
  4348 | D:6      | Reached ** piety under Hepliaklqana
  4355 | D:6      | Remembered your ancestor Edmée as a knight
  4366 | D:6      | Reached skill level 1 in Evocations
  4829 | D:6      | Found a burning altar of Makhleb.
  4834 | D:6      | Identified the +2 robe of Pinoabbi {Int-5 Dex+4 SInv}
  4925 | D:7      | Noticed Maggie
  4934 | D:7      | Killed Maggie
  4935 | D:7      | Reached XP level 9. HP: 60/64 MP: 9/9
  4982 | D:7      | Noticed Maurice
  4991 | D:7      | Killed Maurice
  4992 | D:7      | Reached skill level 5 in Stealth
  5069 | D:7      | Reached skill level 10 in Polearms
  5081 | D:7      | Found the +5 robe of Misfortune {Harm *Corrode *Slow EV+5}
  5523 | D:8      | Noticed Jeremiah
  5542 | D:8      | Killed Jeremiah
  5543 | D:8      | Reached XP level 10. HP: 27/71 MP: 10/10
  5857 | D:8      | Noticed a two-headed ogre
  5859 | D:8      | Killed a two-headed ogre
  5888 | D:8      | Noticed Erica
  5897 | D:8      | Killed Erica
  5922 | D:8      | Reached skill level 1 in Invocations
  6726 | D:9      | Reached skill level 5 in Invocations
  6888 | D:9      | Reached XP level 11. HP: 75/75 MP: 16/16
  7013 | D:9      | Found a shimmering altar of Xom.
  7127 | D:9      | Found a staircase to the Lair.
  7384 | D:10     | Entered Level 10 of the Dungeon
  7415 | D:10     | Reached *** piety under Hepliaklqana
  7753 | D:10     | Noticed Nergalle
  7756 | D:10     | Noticed a spectral orc warlord
  7764 | D:10     | Killed from afar by Nergalle

Illustrated notes

Levels and vault maps discovered:
D:1:      scummos_arrival_checkerplants, layout_loops_cross,
          basic_ecumenical_altar
D:2:      layout_loops_cross
D:3:      layout_rooms, lemuel_tele_altar,
          nicolae_dithmenos_through_a_glass_darkly, serial_glass,
          glass_columns_a, glass_columns_c, glass_columns_b, glass_columns_b,
          glass_columns_a, glass_columns_a, glass_columns_a, glass_columns_a,
          uniq_ijyb
D:4:      layout_loops_ring, mainiacjoe_overflow_six_doors_small,
          mainiacjoe_overflow_surrounded_room, minmay_temple_entry_hall,
          serial_shops, nicolae_shop_gibbet_a_chance,
          nicolae_kite_square_tiling_tiny, minmay_misc_feat_roman,
          nicolae_houndstooth_variations, uniq_menkaure
D:5:      layout_loops_ring, gammafunk_temple_overflow_pools,
          mainiacjoe_overflow_24_doors, nicolae_fountain_basement
D:6:      layout_gridville, bloody_makhleb, roderic_serpentine_path
D:7:      layout_rooms, uniq_maurice, uniq_maggie
D:8:      layout_basic, lemuel_flamethrower_2, uniq_erica, uniq_jeremiah
D:9:      layout_basic, kennysheep_little_box, lair_entry_dummy
D:10:     minmay_goldmine, layout_loops_cross, uniq_lodul, uniq_nergalle
Temple:   cyrus_circular_temple

Skill      XL: |  1  2  3  4  5  6  7  8  9 10 11 |
---------------+----------------------------------+-----
Fighting       | 3 4 5 7 |  7.0
Polearms       | 6 7 9 12 | 12.8
Dodging        | 7 9 12 | 12.0
Evocations     | 4 |  4.0
Stealth        | 4 5 |  5.0
Invocations    | 7 9 |  9.0
Throwing       | |  2.0

Action                     |  1- 3 |  4- 6 |  7- 9 | 10-12 || total
---------------------------+-------+-------+-------+-------++-------
  Melee: Trident           |   122 |   111 |    75 |       ||   308
         Halberd           |       |       |    96 |   169 ||   265
  Throw: Throwing net      |       |     1 |       |       ||     1
 Invoke: Ancestor Life: Kn |       |       |     1 |       ||     1
         Transference      |       |       |       |     1 ||     1
    Use: Scroll            |     7 |       |     3 |     1 ||    11
         Potion            |       |       |       |     1 ||     1
   Stab: Sleeping          |     5 |     2 |     3 |     5 ||    15
         Distracted        |       |       |     3 |       ||     3
 Armour: Leather armour    |    43 |    33 |    25 |       ||   101
         Robe              |       |       |    12 |    33 ||    45
  Dodge: Dodged            |    61 |    44 |    53 |    69 ||   227

Table legend: (Time is in decaauts)
 A = Elapsed time spent in this place.
 B = Non-inter-level travel time spent in this place.
 C = Inter-level travel time spent in this place.
 D = Time resting spent in this place.
 E = Time spent auto-exploring this place.
 F = Levels seen in this place.
 G = Mean time per level.
                   A        B        C        D        E       F      G
               +--------+--------+--------+--------+--------+-----+--------+
         Total |   7733 |   7440 |    293 |    822 |   5411 |  11 |  703.0 |
       Dungeon |   7717 |   7439 |    278 |    822 |   5411 |  10 |  771.7 |
        Temple |     16 |      1 |     15 |      0 |      0 |   1 |   16.0 |
               +--------+--------+--------+--------+--------+-----+--------+

Top non-repeatable levels by time:
     D:8: 1321 daAuts
     D:5: 1134 daAuts
     D:4: 1037 daAuts
     D:2: 741 daAuts
     D:1: 730 daAuts
     D:6: 690 daAuts
     D:9: 678 daAuts
     D:3: 567 daAuts
     D:7: 440 daAuts
    D:10: 373 daAuts
  Temple: 16 daAuts
